 Dungeon Crawl Stone Soup version 0.21-a0-529-g8c7b3f5 (webtiles) character file.

103 Gerstahl the Skirmisher (level 4, -1/37 HPs)
             Began as a Demonspawn Monk on Dec 9, 2017.
             Slain by Natasha (2 damage)
             ... on level 3 of the Dungeon.
             The game lasted 00:02:18 (1744 turns).

Gerstahl the Skirmisher (Demonspawn Monk)           Turns: 1744, Time: 00:02:19

Health: -1/37      AC:  6    Str: 12    XL:     4   Next: 51%
Magic:  0/4        EV: 13    Int: 11    God:
Gold:   138        SH:  0    Dex: 16    Spells: 3/3 levels left

rFire    . . .     SeeInvis .   a - +0 falchion
rCold    . . .     Gourm    .   (no shield)
rNeg     . . .     Faith    .   n - +0 leather armour
rPois    .         Spirit   +   (no helmet)
rElec    .         Reflect  .   o - scarf {Spirit}
rCorr    .         Harm     .   (no gloves)
MR       .....                  k - +2 pair of boots {Stlth+}
Stlth    +++.......             (no amulet)
HPRegen  0.12/turn              (no ring)
MPRegen  0.09/turn              (no ring)

@: no status effects
A: talons 1, powered by pain 1
a: no special abilities


You were on level 3 of the Dungeon.
You were near starving.

You visited 1 branch of the dungeon, and saw 3 of its levels.

You collected 138 gold pieces.

Inventory:

Hand Weapons
 a - a +0 falchion (weapon)
Armour
 b - a +0 robe
 k - a +2 pair of boots of stealth (worn)
 n - a +0 leather armour (worn)
 o - a scarf of spirit shield (worn)
Wands
 p - a wand of enslavement (16)
Scrolls
 d - a scroll of identify {unknown}
 e - 3 scrolls of immolation {unknown}
 g - 2 scrolls of enchant weapon {unknown}
 h - a scroll of teleportation {unknown}
 j - a scroll of enchant armour {unknown}
 l - a scroll of magic mapping {unknown}
 m - a scroll of blinking {unknown}
Potions
 i - 2 potions of invisibility {unknown}
Comestibles
 c - a bread ration
 f - 3 fruits


   Skills:
 + Level 3.8 Fighting
 + Level 3.4 Long Blades
 + Level 3.4 Dodging
 - Level 1.7 Stealth
 + Level 0.9 Evocations


You had 3 spell levels left.
You didn't know any spells.

Dungeon Overview and Level Annotations

Branches:
Dungeon (3/15)

Altars:
Cheibriados
Fedhas
Okawaru
Qazlal
Zin

Annotations:
D:3 Natasha; Squigly's ghost, amateur MfTm


Innate Abilities, Weirdness & Mutations

You have sharp toenails.
You sometimes gain a little power by taking damage.


Message History

You closely miss Natasha. Natasha completely misses you.
You hit Natasha.
Natasha is lightly wounded.
Natasha claws you.
* * * LOW HITPOINT WARNING * * *
You completely miss Natasha.
Natasha is lightly wounded.
Natasha barely misses you.
You closely miss Natasha.
Natasha is lightly wounded.
Natasha wildly gestures.
You feel disoriented. Natasha claws you.
* * * LOW HITPOINT WARNING * * *
You hit Natasha.
Natasha is moderately wounded.
Natasha howls an incantation.
You feel troubled. Natasha claws you but does no damage. Natasha claws you.
You die...

... #.# ... ....#.# #
... ...#.# #. #.#
..#.#### ###.###.#
#.#.##<#
.....#.#######.#.##.##
..................<.
##.#.#.#.....#.#.##.##
#...h@.'.....'........
.........#.....#.####.##
###..#.#.#....†#.# #(..
#. #.#.#.....#.# #### #
#.#.?.......+
............+
............+
.###..#......######
............)...#


You could see Natasha.

Vanquished Creatures
  Natasha (twice) (D:3)
  An adder (D:2)
  2 dart slugs (D:1)
  2 leopard geckos
  A ball python (D:1)
  4 giant cockroaches (D:1)
  A goblin (D:1)
  5 hobgoblins
  5 kobolds
  A quokka (D:2)
  6 bats
  6 frilled lizards
  2 rats
38 creatures vanquished.

Notes
Turn   | Place    | Note
-------+----------+-------------------------------------------
     0 | D:1      | Gerstahl the Demonspawn Monk began the quest for the Orb.
     0 | D:1      | Reached XP level 1. HP: 18/18 MP: 1/1
    79 | D:1      | Gained mutation: You have sharp toenails. [demonic ancestry]
    79 | D:1      | Reached XP level 2. HP: 23/24 MP: 2/2
   473 | D:1      | Reached XP level 3. HP: 21/29 MP: 3/3
   915 | D:2      | Found a blossoming altar of Fedhas.
   916 | D:2      | Found a glowing silver altar of Zin.
   917 | D:2      | Found a snail-covered altar of Cheibriados.
   917 | D:2      | Found a stormy altar of Qazlal.
  1497 | D:2      | Found an iron altar of Okawaru.
  1652 | D:3      | Noticed Squigly's ghost (amateur MfTm)
  1667 | D:3      | Noticed Natasha
  1674 | D:3      | Killed Natasha
  1674 | D:3      | Gained mutation: You sometimes gain a little power by taking damage. [demonic ancestry]
  1674 | D:3      | Reached XP level 4. HP: 37/37 MP: 2/4
  1687 | D:3      | Noticed Natasha
  1703 | D:3      | Killed Natasha
  1736 | D:3      | Noticed Natasha
  1743 | D:3      | HP: 1/37 [Natasha (5)]
  1744 | D:3      | Slain by Natasha

Vault maps used:
D:1:      kennysheep_arrival_forest
D:2:      chequers_temple_overflow_statue_of_worship, minmay_misc_feat_chi,
          kennysheep_okawaru_gauntlet
D:3:      cheibrodos_ashenzari_chains, chequers_ecumenical_altar_island,
          kennysheep_cross_bottleneck, serial_bayou_pond_e, uniq_natasha

Skill      XL: |  1  2 |
---------------+-------+-----
Dodging        | 3 |  3.4
Long Blades    | 3 |  3.4
Fighting       | |  3.8
Stealth        | |  1.7
Evocations     | |  0.9

Action                   |  1- 3 |  4- 6 || total
-------------------------+-------+-------++-------
Melee: Falchion          |    86 |    21 ||   107
       Kick              |    19 |       ||    19
 Stab: Sleeping          |    10 |       ||    10
  Eat: Chunk             |     1 |       ||     1
Armor: Robe              |    11 |       ||    11
       Leather armour    |       |     5 ||     5
Dodge: Dodged            |    79 |    13 ||    92
       Rpst.: Falchion   |    26 |     3 ||    29

Table legend:
 A = Spawn XP
 B = Non-spawn XP
 C = Spawn XP percentage of total XP
 D = Spawn monster count
 E = Non-spawn monster count
 F = Spawn count percentage of total count
 G = Total turns spent on level
                    A         B        C        D         E        F      G
               +---------+---------+-------+---------+---------+-------+---------
         Total |       0 |     148 |   0.0 |       0 |      38 |   0.0 |  1744
               +---------+---------+-------+---------+---------+-------+---------
           D:1 |       0 |      42 |   0.0 |       0 |      23 |   0.0 |   659
           D:2 |       0 |      26 |   0.0 |       0 |       9 |   0.0 |   983
           D:3 |       0 |      80 |   0.0 |       0 |       6 |   0.0 |   102
               +---------+---------+-------+---------+---------+-------+---------
